IL
COLORADO SPRINGS SKY SOX @ MEMPHIS REDBIRDS
05/11/2047
 
TOP OF THE 1ST
Colorado Springs Sky Sox batting - Pitching for Memphis Redbirds : RHP Geoff Mooney
Pitching: RHP Geoff Mooney
Batting: LHB Steve Gilliam 0-0: Ball
1-0: Ball
2-0: Called Strike
2-1: Ball
3-1: Foul Ball, location: 2F
3-2: Base on Balls
Batting: RHB Ryan Rinaldi 0-0: Called Strike
0-1: Called Strike
0-2: Grounds into double play, 4-6-3 (Groundball, 4, EV 105.6 MPH)
Batting: LHB Chris Salim 0-0: Foul Ball, location: 2F
0-1: Ball
1-1: Ground out 4-3 (Groundball, 4S, EV 76.9 MPH)
Top of the 1st over - 0 runs, 0 hits, 0 errors, 0 left on base; Colorado Springs 0 - Memphis 0
BOTTOM OF THE 1ST
Memphis Redbirds batting - Pitching for Colorado Springs Sky Sox : RHP Dave Spriggs
Pitching: RHP Dave Spriggs
Batting: RHB Tommy Baird 0-0: Swinging Strike
0-1: Foul Ball, location: 2F
0-2: Fly out, F9 (Flyball, 9D, EV 86.2 MPH)
Batting: LHB Zack Berney 0-0: Foul Ball, location: 2F
0-1: Ball
1-1: Foul Ball, location: 2F
1-2: Ball
2-2: Ball
3-2: Base on Balls
Batting: LHB Johan de Vries 0-0: Ball
1-0: Called Strike
Zack Berney steals 2nd base
1-1: Ball
2-1: Ground out 6-3 (Groundball, 6M, EV 86.2 MPH)
Zack Berney to third
Batting: SHB Rich Muniz 0-0: Swinging Strike
0-1: Foul Ball, location: 2F
0-2: Strikes out swinging
Bottom of the 1st over - 0 runs, 0 hits, 0 errors, 1 left on base; Colorado Springs 0 - Memphis 0
TOP OF THE 2ND
Colorado Springs Sky Sox batting - Pitching for Memphis Redbirds : RHP Geoff Mooney
Batting: LHB Michael Krott 0-0: Foul Ball, location: 2F
0-1: Ball
1-1: Foul Ball, location: 2F
1-2: Strikes out looking
Batting: SHB Andy Vivas 0-0: Ground out U3 (Groundball, 3, EV 96.9 MPH)
Batting: LHB Zack Guillen 0-0: Ball
1-0: Ball
2-0: Called Strike
2-1: Ball
3-1: Base on Balls
Batting: SHB Chris Besselman 0-0: Ball
1-0: Ball
2-0: Ball
3-0: Base on Balls
Zack Guillen to second
Batting: SHB Bobby Santor 0-0: Called Strike
0-1: Ball
1-1: Ground out U3 (Groundball, 3, EV 86.9 MPH)
Top of the 2nd over - 0 runs, 0 hits, 0 errors, 2 left on base; Colorado Springs 0 - Memphis 0
BOTTOM OF THE 2ND
Memphis Redbirds batting - Pitching for Colorado Springs Sky Sox : RHP Dave Spriggs
Batting: RHB Danny Gallo 0-0: Called Strike
0-1: Foul Ball, location: 2F
0-2: Ball
1-2: Foul Ball, location: 2F
1-2: Strikes out swinging
Batting: SHB Luke Robbins 0-0: Swinging Strike
0-1: Ball
1-1: Foul Ball, location: 2F
1-2: Strikes out swinging
Batting: RHB Dan Boykins 0-0: DOUBLE (Line Drive, 89XD, EV 101.2 MPH)
Batting: RHB Jason Gee 0-0: Ball
1-0: Ball
2-0: Fly out, F7 (Flyball, 7D, EV 104.4 MPH)
Bottom of the 2nd over - 0 runs, 1 hit, 0 errors, 1 left on base; Colorado Springs 0 - Memphis 0
TOP OF THE 3RD
Colorado Springs Sky Sox batting - Pitching for Memphis Redbirds : RHP Geoff Mooney
Batting: RHB John Boyer 0-0: Foul Ball, location: 2F
0-1: Foul Ball, location: 2F
0-2: Ball
1-2: Ground out 5-3 (Groundball, 56, EV 107.5 MPH)
Batting: LHB Steve Gilliam 0-0: Ball
1-0: Fly out, F9 (Flyball, 9, EV 83.8 MPH)
Batting: RHB Ryan Rinaldi 0-0: Called Strike
0-1: Ground out 5-3 (Groundball, 56S, EV 88.8 MPH)
Top of the 3rd over - 0 runs, 0 hits, 0 errors, 0 left on base; Colorado Springs 0 - Memphis 0
BOTTOM OF THE 3RD
Memphis Redbirds batting - Pitching for Colorado Springs Sky Sox : RHP Dave Spriggs
Batting: RHB Dave Cluster 0-0: Ground out U3 (Groundball, 3, EV 87.5 MPH)
Batting: RHB Tommy Baird 0-0: Ball
1-0: Called Strike
1-1: Foul Ball, location: 2F
1-2: SINGLE (Groundball, 6S, EV 71.2 MPH) (infield hit)
Batting: LHB Zack Berney 0-0: Called Strike
0-1: Foul Ball, location: 2F
0-2: Ball
1-2: Ball
2-2: Ball
3-2: 2-RUN HOME RUN (Flyball, 9D, EV 91.9 MPH), Distance : 355 ft
Batting: LHB Johan de Vries 0-0: Ball
1-0: Ball
2-0: SOLO HOME RUN (Line Drive, 9LD, EV 96.2 MPH), Distance : 341 ft
Batting: SHB Rich Muniz 0-0: Ball
1-0: Ground out 6-3 (Groundball, 4M, EV 78.8 MPH)
Batting: RHB Danny Gallo 0-0: Ball
1-0: Foul Ball, location: 2F
1-1: Called Strike
1-2: Ball
2-2: Foul Ball, location: 2F
2-2: Ball
3-2: Foul Ball, location: 2F
3-2: Base on Balls
Batting: SHB Luke Robbins 0-0: Foul Ball, location: 2F
Pickoff Throw to First - Out! 1-3
Bottom of the 3rd over - 3 runs, 3 hits, 0 errors, 0 left on base; Colorado Springs 0 - Memphis 3
TOP OF THE 4TH
Colorado Springs Sky Sox batting - Pitching for Memphis Redbirds : RHP Geoff Mooney
Batting: LHB Chris Salim 0-0: Ball
1-0: Ball
2-0: Ground out 4-3 (Groundball, 4, EV 84.4 MPH)
Batting: LHB Michael Krott 0-0: SINGLE (Line Drive, 9LS, EV 94.4 MPH)
Batting: SHB Andy Vivas 0-0: Swinging Strike
0-1: Ball
1-1: Ball
2-1: Fly out, F9 (Flyball, 9, EV 93.8 MPH)
Batting: LHB Zack Guillen 0-0: Ball
1-0: Ground out U3 (Groundball, 3, EV 91.9 MPH)
Top of the 4th over - 0 runs, 1 hit, 0 errors, 1 left on base; Colorado Springs 0 - Memphis 3
BOTTOM OF THE 4TH
Memphis Redbirds batting - Pitching for Colorado Springs Sky Sox : RHP Dave Spriggs
Batting: SHB Luke Robbins 0-0: Called Strike
0-1: Foul Ball, location: 2F
0-2: Foul Ball, location: 2F
0-2: Foul Ball, location: 2F
0-2: SINGLE (Line Drive, 56D, EV 96.2 MPH)
Batting: RHB Dan Boykins 0-0: Ball
1-0: Fly out, F8 (Flyball, 89M, EV 85.0 MPH)
Batting: RHB Jason Gee 0-0: Ball
Luke Robbins steals 2nd base
1-0: Foul Ball, location: 2F
1-1: Reached on error, E5 (Groundball, 5S, EV 87.5 MPH)
Luke Robbins scores
Batting: RHB Dave Cluster 0-0: Ball
Jason Gee steals 3rd base
1-0: Called Strike
1-1: Foul Ball, location: 2F
1-2: SINGLE (Groundball, 6MD, EV 96.2 MPH)
Jason Gee scores
Pitching: RHP Cesar Rivera
Batting: RHB Tommy Baird 0-0: Ball
1-0: Ball
2-0: Ball
3-0: Base on Balls
Dave Cluster to second
Batting: LHB Zack Berney 0-0: Called Strike
0-1: Called Strike
0-2: Ball
1-2: Strikes out swinging
Batting: LHB Johan de Vries 0-0: TRIPLE (Flyball, 7D, EV 100.0 MPH)
Dave Cluster scores
Tommy Baird scores
Batting: SHB Rich Muniz 0-0: Called Strike
0-1: Ball
1-1: Foul Ball, location: 2F
1-2: Foul Ball, location: 2F
1-2: Foul Ball, location: 2F
1-2: Ball
2-2: Ball
3-2: Base on Balls
Pitching: RHP Nate Dallman
Batting: RHB Danny Gallo 0-0: Ball
1-0: Called Strike
1-1: Ball
2-1: Foul Ball, location: 2F
2-2: Foul Ball, location: 2F
2-2: Ball
3-2: Base on Balls
Rich Muniz to second
Batting: SHB Luke Robbins 0-0: Foul Ball, location: 2F
0-1: Swinging Strike
0-2: Ball
1-2: Fly out, F4 (Popup, 4, EV 57.5 MPH)
Bottom of the 4th over - 4 runs, 3 hits, 1 error, 3 left on base; Colorado Springs 0 - Memphis 7
TOP OF THE 5TH
Colorado Springs Sky Sox batting - Pitching for Memphis Redbirds : RHP Geoff Mooney
Batting: SHB Chris Besselman 0-0: Ball
1-0: Ball
2-0: Fly out, F8 (Flyball, 8LXD, EV 102.5 MPH)
Batting: SHB Bobby Santor 0-0: Foul Ball, location: 2F
0-1: Ball
1-1: Ball
2-1: Ball
3-1: Foul Ball, location: 2F
3-2: Strikes out swinging
Batting: RHB John Boyer 0-0: Ground out 6-3 (Groundball, 6M, EV 83.8 MPH)
Top of the 5th over - 0 runs, 0 hits, 0 errors, 0 left on base; Colorado Springs 0 - Memphis 7
BOTTOM OF THE 5TH
Memphis Redbirds batting - Pitching for Colorado Springs Sky Sox : RHP Nate Dallman
Batting: RHB Dan Boykins 0-0: Foul Ball, location: 2F
0-1: SINGLE (Flyball, 5D, EV 93.1 MPH)
Batting: RHB Jason Gee 0-0: Fly out, F6 (Popup, 56D, EV 48.8 MPH)
Batting: RHB Dave Cluster 0-0: Swinging Strike
0-1: Ball
1-1: Called Strike
1-2: Ball
2-2: Ball
3-2: SINGLE (Groundball, 34D, EV 108.1 MPH)
Dan Boykins to second
Runner from 2nd tries for 3rd, SAFE, throw by RF made to third
Dave Cluster to second
Batting: RHB Tommy Baird 0-0: Ball
1-0: Swinging Strike
1-1: Hit by Pitch
Batting: LHB Zack Berney 0-0: Ball
1-0: Called Strike
1-1: Called Strike
1-2: Fly out, F8 (Flyball, 78M, EV 89.4 MPH)
Batting: LHB Johan de Vries 0-0: Ball
1-0: Ball
2-0: Foul Ball, location: 2F
2-1: Ball
3-1: Foul Ball, location: 2F
3-2: SINGLE (Groundball, P, EV 83.1 MPH) (infield hit)
Dan Boykins scores
Dave Cluster to third
Tommy Baird to second
Batting: SHB Rich Muniz 0-0: Called Strike
0-1: Ball
1-1: Swinging Strike
1-2: Ball
2-2: Strikes out swinging
Bottom of the 5th over - 1 run, 3 hits, 0 errors, 3 left on base; Colorado Springs 0 - Memphis 8
TOP OF THE 6TH
Colorado Springs Sky Sox batting - Pitching for Memphis Redbirds : RHP Geoff Mooney
Batting: LHB Steve Gilliam 0-0: SINGLE (Line Drive, 7S, EV 108.1 MPH)
Batting: RHB Ryan Rinaldi 0-0: Ball
1-0: Foul Ball, location: 2F
1-1: Ball
2-1: Foul Ball, location: 2F
2-2: Ball
3-2: DOUBLE (Flyball, 8LXD, EV 111.9 MPH)
Steve Gilliam to third
Runner from 3rd tries for Home, SAFE, throw by CF to trailing runner, OUT at third! 8-3-5
Batting: LHB Chris Salim 0-0: Ball
1-0: Fly out, F7 (Flyball, 7LS, EV 85.6 MPH)
Batting: LHB Michael Krott 0-0: Called Strike
0-1: Ball
1-1: Fly out, F9 (Line Drive, 89M, EV 102.5 MPH)
Top of the 6th over - 1 run, 2 hits, 0 errors, 0 left on base; Colorado Springs 1 - Memphis 8
BOTTOM OF THE 6TH
Memphis Redbirds batting - Pitching for Colorado Springs Sky Sox : RHP Nate Dallman
Batting: RHB Danny Gallo 0-0: Called Strike
0-1: Ball
1-1: Fly out, F2 (Popup, 23F, EV 86.9 MPH)
Batting: SHB Luke Robbins 0-0: Ball
1-0: Ball
2-0: DOUBLE (Line Drive, 78D, EV 102.5 MPH)
Batting: RHB Dan Boykins 0-0: Ball
1-0: Foul Ball, location: 2F
1-1: SINGLE (Groundball, 34D, EV 95.6 MPH)
Luke Robbins to third
Runner from 3rd tries for Home, SAFE, throw by RF to home
Batting: RHB Jason Gee 0-0: SINGLE (Groundball, 6MD, EV 103.1 MPH)
Dan Boykins to second
Batting: RHB Dave Cluster 0-0: Ball
1-0: SINGLE (Groundball, 4MD, EV 98.8 MPH)
Dan Boykins to third
Jason Gee to second
Batting: RHB Tommy Baird 0-0: Ball
1-0: Ball
2-0: Called Strike
2-1: Ball
3-1: Base on Balls
Dan Boykins scores
Jason Gee to third
Dave Cluster to second
Pitching: RHP Victor Castillo
Batting: LHB Zack Berney 0-0: Called Strike
0-1: Ball
1-1: Fly out, F5 (Popup, 56, EV 66.9 MPH)
Batting: LHB Johan de Vries 0-0: Called Strike
0-1: Foul Ball, location: 2F
0-2: Ball
1-2: Foul Ball, location: 2F
1-2: Fielders Choice at 2nd, U6 (Groundball, 6M, EV 81.2 MPH)
Bottom of the 6th over - 2 runs, 4 hits, 0 errors, 3 left on base; Colorado Springs 1 - Memphis 10
TOP OF THE 7TH
Colorado Springs Sky Sox batting - Pitching for Memphis Redbirds : RHP Geoff Mooney
Batting: SHB Andy Vivas 0-0: Ball
1-0: Ball
2-0: Fly out, F7 (Line Drive, 7, EV 93.8 MPH)
Batting: LHB Zack Guillen 0-0: Fly out, F9 (Flyball, 9D, EV 91.9 MPH)
Batting: SHB Chris Besselman 0-0: Ground out 4-3 (Groundball, 34, EV 96.9 MPH)
Top of the 7th over - 0 runs, 0 hits, 0 errors, 0 left on base; Colorado Springs 1 - Memphis 10
BOTTOM OF THE 7TH
Memphis Redbirds batting - Pitching for Colorado Springs Sky Sox : RHP Victor Castillo
Batting: SHB Rich Muniz 0-0: Ball
1-0: Foul Ball, location: 2F
1-1: Foul Ball, location: 2F
1-2: Foul Ball, location: 2F
1-2: Ball
2-2: Foul Ball, location: 2F
2-2: Foul Ball, location: 2F
2-2: Foul Ball, location: 2F
2-2: Ground out 5-3 (Groundball, 5, EV 89.4 MPH)
Batting: RHB Danny Gallo 0-0: Ball
1-0: Ball
2-0: Ball
3-0: Called Strike
3-1: Base on Balls
Batting: SHB Luke Robbins 0-0: Foul Ball, location: 2F
0-1: Ball
1-1: Swinging Strike
1-2: Strikes out swinging
Batting: RHB Dan Boykins 0-0: Ball
1-0: Foul Ball, location: 2F
1-1: Ball
2-1: Foul Ball, location: 2F
2-2: Fielders Choice at 2nd, 6-4 (Groundball, 6, EV 111.2 MPH)
Bottom of the 7th over - 0 runs, 0 hits, 0 errors, 1 left on base; Colorado Springs 1 - Memphis 10
TOP OF THE 8TH
Colorado Springs Sky Sox batting - Pitching for Memphis Redbirds : RHP Geoff Mooney
Batting: SHB Bobby Santor 0-0: Reached on error, E4 (Groundball, 4MS, EV 90.6 MPH)
Batting: RHB John Boyer 0-0: Ball
1-0: Swinging Strike
1-1: Called Strike
1-2: Ball
2-2: Ball
3-2: Base on Balls
Bobby Santor to second
Batting: LHB Steve Gilliam 0-0: Ball
1-0: SINGLE (Line Drive, 3D, EV 103.1 MPH)
Bobby Santor to third
John Boyer to second
Batting: RHB Ryan Rinaldi 0-0: Ball
1-0: Grounds into double play, 5-4-3 (Groundball, 56S, EV 89.4 MPH)
Bobby Santor scores
John Boyer to third
Batting: LHB Chris Salim 0-0: Called Strike
0-1: Called Strike
0-2: Strikes out swinging
Top of the 8th over - 1 run, 1 hit, 1 error, 1 left on base; Colorado Springs 2 - Memphis 10
BOTTOM OF THE 8TH
Memphis Redbirds batting - Pitching for Colorado Springs Sky Sox : RHP Victor Castillo
Batting: RHB Jason Gee 0-0: Called Strike
0-1: Ball
1-1: Ball
2-1: Swinging Strike
2-2: Foul Ball, location: 2F
2-2: Strikes out swinging
Batting: RHB Dave Cluster 0-0: Called Strike
0-1: Foul Ball, location: 2F
0-2: Strikes out swinging
Batting: RHB Tommy Baird 0-0: Ball
1-0: Ball
2-0: Foul Ball, location: 2F
2-1: Ball
3-1: Base on Balls
Batting: LHB Zack Berney 0-0: Ball
1-0: Called Strike
1-1: Foul Ball, location: 2F
1-2: Strikes out swinging
Bottom of the 8th over - 0 runs, 0 hits, 0 errors, 1 left on base; Colorado Springs 2 - Memphis 10
TOP OF THE 9TH
Colorado Springs Sky Sox batting - Pitching for Memphis Redbirds : RHP Geoff Mooney
Batting: LHB Michael Krott 0-0: Ball
1-0: Called Strike
1-1: Ball
2-1: Foul Ball, location: 2F
2-2: Ground out 6-3 (Groundball, 6MS, EV 70.6 MPH)
Batting: SHB Andy Vivas 0-0: Ground out 6-3 (Groundball, 6MD, EV 108.8 MPH)
Batting: LHB Zack Guillen 0-0: Called Strike
0-1: SINGLE (Flyball, 78M, EV 81.9 MPH)
Pitching: RHP Phil Feldscher
Batting: SHB Chris Besselman 0-0: Called Strike
0-1: Foul Ball, location: 2F
0-2: Ball
1-2: Ball
2-2: Ball
3-2: Base on Balls
Zack Guillen to second
Batting: SHB Bobby Santor 0-0: Foul Ball, location: 2F
0-1: Foul Ball, location: 2F
0-2: Ball
1-2: Strikes out swinging
Top of the 9th over - 0 runs, 1 hit, 0 errors, 2 left on base; Colorado Springs 2 - Memphis 10
Thursday, December 15th , 2022 - OOTP Baseball 23.9 Build 102